 Dungeon Crawl Stone Soup version 0.30-a0-920-g7493c07aab (webtiles) character file.

Game seed: 12311441436452773189

23013 sanka the Zephyrmancer (level 12, 0/101 HPs)
             Began as a Pale Draconian Cinder Acolyte on Mar 21, 2023.
             Was a High Priest of Ignis.
             Shot with an arrow by something (2 damage)
             ... on level 4 of the Lair of Beasts on Mar 22, 2023.
             The game lasted 00:34:45 (19262 turns).

sanka the Zephyrmancer (DrCA)                      Turns: 19262, Time: 00:34:45

Health: 0/101      AC: 16    Str: 16    XL:     12   Next: 68%
Magic:  20/24      EV: 16    Int: 16    God:    Ignis [*****.]
Gold:   1011       SH:  5    Dex: 17    Spells: 8/27 levels left

rFire   + . .      SeeInvis .      - Unarmed
rCold   . . .      Faith    .    (no shield)
rNeg    . . .      Spirit   .    (body armour unavailable)
rPois   .          Reflect  +    (helmet restricted)
rElec   .          Rampage  .    J - +2 cloak {Will+}
rCorr   .                        o - +1 Delatra's gloves {ID++}
Will    +....                    k - +2 pair of boots
Stlth   ++                       y - amulet of reflection
HPRegen 0.36/turn                r - ring of wizardry
MPRegen 0.19/turn                b - +6 ring of dexterity

@: invisible
A: breathe steam, AC +8, unfitting armour, cold-blooded, steam resistance
a: Breathe Steam, Renounce Religion, Fiery Armour, Foxfire Swarm, Rising Flame


You were on level 4 of the Lair of Beasts.
You worshipped Ignis.
Ignis was extremely pleased with you.
You visited 2 branches of the dungeon, and saw 15 of its levels.

You collected 1011 gold pieces.


Innate Abilities, Weirdness & Mutations

You can breathe blasts of scalding, opaque steam.
Your pale cyan-grey scales are hard. (AC +8)
You cannot fit into any form of body armour.
You are cold-blooded and may be slowed by cold attacks.
You are immune to the effects of steam.


   Skills:
 - Level 8.0 Fighting
 - Level 8.0 Dodging
 - Level 10.0 Unarmed Combat
 + Level 8.0 Spellcasting
 + Level 6.6 Transmutations
 - Level 5.0 Fire Magic
 + Level 12.4 Air Magic


You had 8 spell levels left.
You knew the following spells:

 Your Spells              Type           Power      Damage    Failure   Level
e - Apportation           Tloc           12%        N/A       4%          1
i - Storm Form            Tmut/Air       18%        N/A       56%         7
u - Plasma Beam           Fire/Air       17%        2x1d31    3%          5
y - Scorch                Fire           44%        2d7       1%          2
z - Airstrike             Air            23%        2d(4-20)  1%          4

Your spell library contained the following spells:

 Spells                   Type           Power      Damage    Failure   Level
 Sting                    Tmut/Pois      68%        1d6       1%          1
 Kindle Blastsparks       Fire/Tloc/Air  50%        2d14      1%          3
 Summon Lightning Spire   Summ/Air       26%        N/A       3%          4
 Sublimation of Blood     Necr           6%         N/A       7%          2
 Petrify                  Tmut/Erth      17%        N/A       12%         4
 Irradiate                Conj/Tmut      8%         3d14      30%         5
 Fulminant Prism          Conj/Hex       3%         3d5       38%         4
 Iskenderun's Mystic Bla  Conj/Tloc      6%         2d4       38%         4
 Lee's Rapid Deconstruct  Erth           3%         3d5*      73%         5
 Metabolic Englaciation   Hex/Ice        3%         N/A       73%         5
 Statue Form              Tmut/Erth      11%        N/A       83%         6

Inventory:

Hand Weapons
 m - a +4 scimitar of flaming
 z - the +7 staff of the Meek {protect, meekguard}
Missiles
 f - 3 curare-tipped darts {=f}
 n - 2 throwing nets {=f}
Armour
 k - a +2 pair of boots (worn)
 o - the +1 Delatra's gloves (worn) {ID++}

   ID++:      It heals its wearer when they drink unknown potions, and restores
   their MP when they read unknown scrolls.
 G - a scarf of shadows
 J - a +2 cloak of willpower (worn)
Jewellery
 b - a +6 ring of dexterity (right hand)
 r - a ring of wizardry (left hand)
 w - a ring of wizardry
 y - an amulet of reflection (around neck)
 L - a ring of ice
Wands
 x - a wand of quicksilver (15)
 E - a wand of flame (21)
 H - a wand of paralysis (14)
 K - a wand of mindburst (2)
 N - a wand of iceblast (6)
Scrolls
 c - 5 scrolls of vulnerability {!r}
 e - 2 scrolls of noise {!r}
 h - a scroll of magic mapping
 i - 13 scrolls of teleportation {@r4}
 l - 4 scrolls of summoning
 p - 3 scrolls of enchant armour
 q - 2 scrolls of torment {!r}
 u - a scroll of poison {unknown}
 B - 3 scrolls of fog
 D - 3 scrolls of blinking
 F - 3 scrolls of immolation {!r}
 I - 2 scrolls of amnesia
 M - a scroll of silence {!r}
 R - a scroll of fear
Potions
 a - 3 potions of curing {@q1}
 d - 3 potions of attraction {unknown}
 g - 3 potions of heal wounds {@q2}
 j - 3 potions of mutation {unknown}
 s - 3 potions of resistance {unknown}
 t - a potion of might
 v - 2 potions of flight {unknown}
 A - 2 potions of berserk rage {unknown}
 C - a potion of invisibility
 P - a potion of lignification {unknown}
 Q - 3 potions of brilliance {unknown}
Miscellaneous
 O - a phantom mirror

Dungeon Overview and Level Annotations

Branches:
Dungeon (11/15)            Temple (0/1) D:6            Lair (4/5) D:11
  Swamp (0/4) Lair:3       Spider (0/4) Lair:2          Orc (0/2) D:10
  Slime: Lair:4-5

Altars:
Ashenzari
Elyvilon
Fedhas
Makhleb
Trog
Uskayaw
Vehumet
Zin
The Shining One

Shops:
D:4 *

Annotations:
D:9 exclusion: orange crystal statue
Lair:3 1 runed translucent door
Lair:4 Nessos

▒...▒▒.............P.▒ ▒▒▒
▒▒...▒▒....÷÷▒▒......▒▒▒.▒▒
▒▒..▒▒.......▒▒........▒.▒▒
▒.....................▒▒.▒
▒...▒▒▒.......†.▒▒.......▒
▒....▒▒▒▒......▒▒▒........
▒▒...▒▒.▒▒▒.....▒▒........
▒▒.>....▒[...............
▒▒▒▒.f...▒d............)...
▒▒.▒▒▒....▒▒▒▒▒.............
▒..▒.#.......▒▒▒............
▒▒.....▒....▒▒ ▒............
▒▒▒▒▒▒....▒▒▒....▒▒▒P...........
▒.▒▒f....▒.▒▒.▒.................
▒▒........▒▒▒▒▒▒......▒▒.▒▒▒▒....
▒.......▒▒▒ ▒.▒....▒.▒▒ ▒▒..▒
.▒.....▒▒ ▒▒▒......▒▒▒▒ ▒▒▒▒


There were no monsters in sight!


Message History

The arrow hits you!
* * * LOW HITPOINT WARNING * * *
You are lethally poisoned!
Unknown command.
You hear a loud twanging sound.
An arrow appears from out of thin air!
The arrow hits you!
* * * LOW HITPOINT WARNING * * *
The arrow burns you.
* * * LOW HITPOINT WARNING * * *
Unknown command.
Unknown command.
You fade into invisibility!
You hear a loud twanging sound.
An arrow appears from out of thin air!
The arrow barely misses you.
You hear a loud twanging sound.
An arrow appears from out of thin air!
The arrow hits you.
* * * LOW HITPOINT WARNING * * *
The arrow burns you.
You are poisoned.
* * * LOW HITPOINT WARNING * * *
Unknown command.
You hear a loud twanging sound.
An arrow appears from out of thin air!
The arrow hits you!!
* * * LOW HITPOINT WARNING * * *
The arrow burns you.
You die...

Action                     |  1- 3 |  4- 6 |  7- 9 | 10-12 || total
---------------------------+-------+-------+-------+-------++-------
  Melee: Unarmed           |    79 |   180 |   341 |   308 ||   908
         Tailslap          |     9 |    18 |    44 |    65 ||   136
         Punch             |     2 |     6 |    14 |    18 ||    40
         Quarterstaff      |       |       |       |    53 ||    53
   Cast: Scorch            |       |     6 |    64 |    78 ||   148
         Airstrike         |       |       |       |   111 ||   111
         Plasma Beam       |       |       |       |    13 ||    13
Ability: Breathe Steam     |       |       |     2 |    10 ||    12
  Evoke: Wand              |       |       |     2 |     8 ||    10
    Use: Potion            |       |       |     2 |     8 ||    10
         Scroll            |       |       |       |    16 ||    16
   Stab: Sleeping          |     1 |       |     3 |       ||     4
         Distracted        |       |     1 |       |       ||     1
 Armour: Skin              |    14 |    53 |   145 |   165 ||   377
  Dodge: Dodged            |    37 |    95 |   191 |   321 ||   644
  Block: Other             |       |       |    54 |   114 ||   168
         Reflection        |       |       |     2 |     5 ||     7

Levels and vault maps discovered:
D:1:      giann_wishing_wells, layout_loops_ring
D:2:      layout_loops_cross, hellmonk_ecumenical_altar_crossroads,
          pf_guarded_unrand_delatra, uniq_sigmund, uniq_jessica, uniq_natasha,
          uniq_terence
D:3:      layout_loops_ring, hangedman_decor_diamond_cutter
D:4:      layout_loops_ring, serial_shops, shop, grunt_ministairs_7, uniq_robin,
          uniq_menkaure
D:5:      layout_loops_corners, minmay_starry_boxes
D:6:      layout_cave_pools, fedhas_altar_fruit_tree,
          minmay_temple_entry_gardened_gates, serial_park, serial_park_gazebo
          [serial_park_minivault_5x5_8], serial_park_tiny_2, serial_park_square1
          [serial_park_minivault_5x5_8], kennysheep_generic_room_16
D:7:      layout_rooms, minmay_misc_feat_ornament
D:8:      layout_rooms, mainiacjoe_overflow_surrounded_room,
          nicolae_overflow_squiral
D:9:      layout_irregular_city, good_gods_mini_temple,
          gammafunk_temple_overflow_elements, minivault_20, minivault_16,
          uniq_maurice
D:10:     layout_gridville, orc_0_dummy, uniq_erica, uniq_urug
D:11:     layout_grid_maze, grunt_lair_entry_orc_guard_hut,
          grunt_decor_mini_mirrors, uniq_harold
Lair:1:   layout_concentric_octagons, serial_bayou_shore_a, grunt_megastairs_3
Lair:2:   layout_big_grid, spider_nest_entry_webs, basic_altar,
          grunt_forest_small_clearings, hibernation_bobbens
Lair:3:   gammafunk_lair_enchanted_lake, layout_cave_pods,
          minmay_swamp_entry_worms
Lair:4:   layout_hall_layers, uniq_nessos

Notes
Turn   | Place    | Note
-------+----------+-------------------------------------------
     0 | D:1      | sanka the Draconian Cinder Acolyte began the quest for the
                  | Orb.
     0 | D:1      | Reached XP level 1. HP: 19/19 MP: 2/2
   299 | D:1      | Reached XP level 2. HP: 13/26 MP: 3/3
   601 | D:1      | Reached skill level 4 in Unarmed Combat
   603 | D:1      | Reached XP level 3. HP: 27/31 MP: 4/4
   944 | D:2      | Noticed Jessica
   944 | D:2      | Noticed Natasha
   955 | D:1      | Killed Natasha
   961 | D:1      | Killed Jessica
   962 | D:1      | Reached skill level 5 in Unarmed Combat
   962 | D:1      | Reached XP level 4. HP: 6/38 MP: 5/5
  1260 | D:2      | Found a faded altar of an unknown god.
  1436 | D:2      | Noticed Sigmund
  1607 | D:1      | Noticed Natasha
  1620 | D:1      | Killed Natasha
  1621 | D:1      | Reached XP level 5. HP: 28/45 MP: 6/6
  1639 | D:1      | Noticed Natasha
  1645 | D:1      | Learned a level 2 spell: Scorch
  1653 | D:1      | Killed Natasha
  1654 | D:1      | Reached skill level 6 in Unarmed Combat
  1756 | D:2      | Killed Sigmund
  1757 | D:2      | Reached skill level 7 in Unarmed Combat
  1757 | D:2      | Reached XP level 6. HP: 47/51 MP: 4/7
  1809 | D:2      | Noticed Terence
  1846 | D:2      | Killed Terence
  2186 | D:2      | Got the Folio of the Liminal Gestalt
  2365 | D:2      | Found the +1 Delatra's gloves {ID++}
  3198 | D:4      | Reached skill level 8 in Unarmed Combat
  3198 | D:4      | Your scales start taking on a pale cyan-grey colour.
  3198 | D:4      | Reached XP level 7. HP: 44/57 MP: 8/8
  3198 | D:4      | Gained mutation: You are immune to the effects of steam.
                  | [Pale Draconian growth]
  3330 | D:4      | Found Ajumavoyss's Assorted Antiques.
  3346 | D:4      | Noticed Robin
  3392 | D:4      | Killed Robin
  3594 | D:4      | Noticed Menkaure
  3614 | D:4      | Killed Menkaure
  4183 | D:5      | Entered Level 5 of the Dungeon
  4377 | D:5      | Reached skill level 9 in Unarmed Combat
  4481 | D:5      | Reached XP level 8. HP: 46/63 MP: 9/9
  4587 | D:5      | Reached skill level 10 in Unarmed Combat
  4618 | D:5      | Reached skill level 1 in Dodging
  4623 | D:5      | Reached skill level 4 in Fighting
  4753 | D:5      | Reached skill level 2 in Dodging
  5411 | D:6      | Found a blossoming altar of Fedhas.
  5425 | D:6      | Reached skill level 5 in Fighting
  5425 | D:6      | Reached skill level 3 in Dodging
  5628 | D:6      | Reached skill level 6 in Fighting
  5628 | D:6      | Reached skill level 4 in Dodging
  5788 | D:6      | Reached XP level 9. HP: 67/75 MP: 3/10
  5841 | D:6      | Found a staircase to the Ecumenical Temple.
  6675 | D:7      | Reached skill level 7 in Fighting
  6685 | D:7      | Reached skill level 5 in Dodging
  7247 | D:8      | Found a bloodstained altar of Trog.
  7460 | D:8      | Found a broken altar of Ashenzari.
  7461 | D:8      | Found a burning altar of Makhleb.
  7525 | D:8      | Reached skill level 8 in Fighting
  7559 | D:8      | Reached skill level 6 in Dodging
  8182 | D:9      | Reached skill level 7 in Dodging
  8399 | D:9      | Noticed a cyclops
  8429 | D:9      | Killed a cyclops
  8430 | D:9      | Reached skill level 8 in Dodging
  8430 | D:9      | Reached XP level 10. HP: 75/88 MP: 3/12
  8501 | D:9      | Learned a level 4 spell: Airstrike
  8507 | D:9      | Learned a level 5 spell: Plasma Beam
  8582 | D:9      | Reached skill level 2 in Spellcasting
  8582 | D:9      | Reached skill level 1 in Air Magic
  8626 | D:9      | Reached skill level 2 in Air Magic
  8661 | D:9      | Found a white marble altar of Elyvilon.
  8661 | D:9      | Found a glowing silver altar of Zin.
  8661 | D:9      | Found a glowing golden altar of the Shining One.
  9227 | D:9      | Reached skill level 3 in Spellcasting
  9315 | D:9      | Reached skill level 3 in Air Magic
  9457 | D:9      | Noticed an orange crystal statue
  9465 | D:9      | Learned a level 1 spell: Apportation
  9596 | D:9      | Noticed Maurice
  9722 | D:9      | Found a hide-covered altar of Uskayaw.
  9722 | D:9      | Found a radiant altar of Vehumet.
  9929 | D:9      | Killed Maurice
  9930 | D:9      | Reached skill level 4 in Spellcasting
  9930 | D:9      | Reached skill level 4 in Air Magic
 10084 | D:10     | Entered Level 10 of the Dungeon
 10093 | D:10     | Noticed Urug
 10114 | D:10     | HP: 7/74 [Urug/+2 double sword of draining (7)]
 10119 | D:10     | Killed Urug
 10120 | D:10     | Reached skill level 5 in Air Magic
 10944 | D:10     | Reached skill level 5 in Spellcasting
 11107 | D:10     | Reached skill level 6 in Air Magic
 11112 | D:10     | Noticed Erica
 11118 | D:10     | Killed Erica
 11119 | D:10     | Reached skill level 7 in Air Magic
 11534 | D:10     | Identified +0 acid dragon scales
 11789 | D:10     | Found a staircase to the Orcish Mines.
 11890 | D:11     | Reached XP level 11. HP: 94/94 MP: 18/18
 11958 | D:11     | Noticed Harold
 11984 | D:11     | Killed Harold
 11985 | D:11     | Reached skill level 4 in Fire Magic
 11985 | D:11     | Reached skill level 8 in Air Magic
 12477 | D:11     | Found a staircase to the Lair.
 13045 | D:11     | Reached skill level 9 in Air Magic
 13219 | Lair:1   | Entered Level 1 of the Lair of Beasts
 13294 | Lair:1   | Learned a level 7 spell: Storm Form
 14502 | Lair:2   | Reached skill level 10 in Air Magic
 14648 | Lair:2   | Reached skill level 5 in Fire Magic
 14795 | Lair:2   | Found a hole to the Spider Nest.
 14814 | Lair:2   | Reached skill level 1 in Transmutations
 14968 | Lair:2   | Found a radiant altar of Vehumet.
 15139 | Lair:2   | Found the +7 staff of the Meek {protect, meekguard}
 15386 | Lair:3   | Reached skill level 2 in Transmutations
 15790 | Lair:3   | Reached skill level 3 in Transmutations
 15917 | Lair:3   | Reached skill level 6 in Spellcasting
 15924 | Lair:3   | Reached skill level 11 in Air Magic
 16083 | Lair:3   | Noticed a skyshark
 16093 | Lair:3   | Killed a skyshark
 16094 | Lair:3   | Reached skill level 4 in Transmutations
 16094 | Lair:3   | Reached XP level 12. HP: 100/101 MP: 2/21
 16227 | Lair:3   | Noticed a death yak
 16451 | Lair:3   | Identified the +0 leather armour "Ygesup" {Int+2}
 16511 | Lair:3   | Noticed an eight-headed hydra
 16518 | Lair:3   | Killed an eight-headed hydra
 16580 | Lair:3   | Killed a death yak
 16581 | Lair:3   | Reached skill level 7 in Spellcasting
 16581 | Lair:3   | Reached skill level 5 in Transmutations
 16943 | Lair:3   | Noticed a dire elephant
 16963 | Lair:3   | Found a runed translucent door.
 17431 | Lair:3   | Found a staircase to the Swamp.
 18287 | Lair:4   | Reached skill level 12 in Air Magic
 18419 | Lair:4   | Reached skill level 6 in Transmutations
 18498 | Lair:4   | Identified +0 steam dragon scales
 18539 | Lair:4   | Noticed a four-headed hydra
 18547 | Lair:4   | Killed a four-headed hydra
 18968 | Lair:4   | Reached skill level 8 in Spellcasting
 19241 | Lair:4   | Noticed Nessos
 19261 | Lair:4   | HP: 10/101 [something (1)]
 19262 | Lair:4   | HP: 2/101 [something (18)]
 19262 | Lair:4   | Shot with an arrow by something

Vanquished Creatures
  Harold (D:11)
  2 hydras
  Erica (D:10)
  A death yak (Lair:3)
  Urug (D:10)
  2 skysharks
  A cyclops (D:9)
  Maurice (D:9)
  A black mamba (Lair:3)
  5 cane toads
  A kobold demonologist (D:9)
  A rime drake (Lair:2)
  An unseen horror (D:11)
  2 komodo dragons
  2 trolls
  A polar bear (Lair:3)
  2 hornets
  17 dream sheep
  4 blink frogs
  Sigmund (D:2)
  A shadow (D:10)
  A vampire (D:9)
  2 wraiths
  2 wyverns
  A redback (Lair:2)
  7 yaks (Lair:4)
  Menkaure (D:4)
  2 steam dragons
  4 basilisks
  2 acid dragons
  A swamp worm (Lair:3)
  9 water moccasins
  2 black bears
  3 orc warriors
  A sky beast (D:8)
  2 ice beasts (D:6)
  3 ogres
  3 centaurs
  14 wolves
  2 phantoms (D:5)
  11 bullfrogs
  4 kobold brigands
  4 scorpions (D:5)
  3 wights (D:9)
  5 killer bees (D:9)
  3 electric eels
  A howler monkey (D:11)
  4 orc priests
  A hound (D:6)
  2 gnoll boudas
  6 jellies
  Jessica (D:1)
  2 sleepcaps
  Natasha (thrice) (D:1)
  Terence (D:2)
  10 orc wizards
  4 iguanas
  Robin (D:4)
  11 gnolls
  6 adders
  A white imp (D:7)
  An ufetubus (D:6)
  2 worms (D:2)
  2 dart slugs
  35 orcs
  10 endoplasms
  A giant cockroach (D:1)
  13 goblins
  12 hobgoblins
  8 jackals
  18 kobolds
  A quokka (D:5)
  8 ball pythons
  2 bats
  3 frilled lizards
  4 rats
315 creatures vanquished.

Vanquished Creatures (others)
  26 fungi
  39 plants
  6 toadstools (Lair:3)
71 creatures vanquished.

Grand Total: 386 creatures vanquished
